[Event "AUT Bundesliga 2022-23"]
[Site "Jenbach"]
[Date "2022.11.05"]
[Round "3.10"]
[White "Hess, Max"]
[Black "Kilgus, Georg"]
[Result "0-1"]
[ECO "C03"]
[WhiteElo "2361"]
[BlackElo "2397"]
[Annotator "TA"]
[PlyCount "102"]
[EventDate "2022.11.03"]
[EventType "team-tourn"]
[EventCountry "AUT"]
[SourceTitle "playchess.com"]
[Source "ChessBase"]
[SourceQuality "1"]
[TimeControl "40/5400+30:1800+30"]

1. e4 e6 2. d4 d5 3. Nd2 Be7 4. Ngf3 Nf6 5. e5 Nfd7 6. Bd3 c5 7. c3 {[%emt 0:00:05] C03: French Tarrasch: Unusual Black 3rd moves.} b6 8. Nf1 Ba6 9. Bxa6 {[%emt 0:00:08] The position is equal.} Nxa6 10. Ng3 h5 (10... O-O $11) 11. h4 $14 {[%emt 0:02:13] [#]} c4 $146 ({Predecessor:} 11... Qc7 12. Qe2 Nab8 13. Bg5 Nc6 14. Bxe7 Nxe7 15. O-O Rc8 16. Ng5 g6 17. Qf3 Nf5 18. Nxf5 gxf5 {1-0 (63) Thorsteinsson,S (2095)-Simonsen,H (2179) Vestmanna 2011}) 12. Ng5 g6 13. Qf3 Rf8 {[%emt 0:14:08] [#]} 14. Nxh5 $1 gxh5 15. Nxe6 fxe6 $17 16. Qxh5+ Rf7 {[%emt 0:00:08][%cal Oa6c5] White must now prevent ...Nac5!} 17. Rh3 {[%emt 0:00:03] [#]} Bf8 (17... Nac5 $1 $17 {[%cal Rc5d3] aiming for ...Nd3+.} 18. dxc5 (18. Rf3 Bf6 $17) (18. Kf1 Ne4) 18... Qc7) 18. Rf3 $11 Nxe5 19. dxe5 Qd7 20. Be3 Bg7 21. O-O-O $1 {[%emt 0:05:51] Strongly threatening Rd4.} Kf8 $1 22. Bh6 $2 ({White should play} 22. Rg3 $1 $15) 22... Rxf3 $19 23. gxf3 Qf7 24. Qg5 {[%emt 0:08:39] And now Rg1 would win.} Bxh6 25. Qxh6+ Ke7 $1 26. Rxd5 exd5 (26... Rg8 $1 $17 27. Rd4 Qf5) 27. Qd6+ $15 Ke8 28. Qc6+ Kf8 (28... Qd7 $5 29. Qxa8+ Kf7 $15) 29. Qxa8+ Kg7 {[%emt 0:00:02] Hoping for ...Nc5.} 30. b4 {[%emt 0:02:35] Prevents Nc5.} (30. e6 $1 $11 Nc7 31. Qxa7 (31. exf7 $2 Nxa8 32. f4 Kxf7 $19) (31. Qh8+ $2 Kxh8 32. exf7 Kg7 $19) 31... Nxe6 32. Qxb6) 30... cxb3 $1 $19 31. axb3 Nc5 32. Kc2 $2 (32. e6 {was necessary.} Qxe6 33. Qxa7+ Kh6 34. Kd2) 32... a5 ({Stronger than} 32... Qxf3 33. Qxa7+ Kh8 34. Qb8+ Kh7 35. Qc7+ Kh8 36. Qb8+ Kh7 37. Qc7+ Kg8 38. Qb8+ Kh7 $11) (32... d4 $19 {has better winning chances.} 33. c4 Qf5+ 34. Kb2 Qxe5 35. Qxa7+ Kf8 36. Qa8+ Ke7 37. Qa7+ Nd7 38. Qa3+ Ke6) 33. Qd8 $2 (33. Qc8 $17) 33... Qxf3 34. Qc7+ {[%emt 0:02:26] [#]} Qf7 $1 35. Qxb6 (35. Qxf7+ $19 Kxf7 36. b4 axb4 37. cxb4) 35... Qxf2+ 36. Kb1 Qe1+ 37. Ka2 Qd2+ 38. Ka3 Qc1+ 39. Ka2 Qc2+ $2 (39... Ne4 {mates} 40. Qa7+ Kg6 41. Qa6+ Kf5 42. Qd3 Ke6 43. Qa6+ Kf5 44. Qd3 Ke6 45. Qa6+ Kf7 46. Qb7+ Kg6 47. Qa6+ Kf5) 40. Ka3 Qc1+ $2 ({Not} 40... Qxc3 41. Qf6+ Kh7 42. Qf7+ Kh8 43. Qf8+ Kh7 44. Qf7+ Kh8 45. Qf8+ Kh7 46. Qf7+ $11) (40... Ne4 $19 41. Qxa5 Qc1+ 42. Ka4 Qa1+ 43. Kb5 Nxc3+ 44. Kb6 Qxa5+ 45. Kxa5 Kg6) 41. Ka2 {[%emt 0:00:10] [#]} Ne4 {[%emt 0:02:53][%cal Re4c3] Black mates.} 42. Qb7+ Kh6 43. Qa6+ Kh5 44. Qe2+ Kxh4 45. Qh2+ Kg4 46. Qe2+ Kg3 47. Qd3+ Kf4 48. Qd4 Kf5 49. Qd3 Kxe5 50. Qd4+ Ke6 51. Qb6+ Kf5 {[%emt 0:00:04] Weighted Error Value: White=0.51/Black=0.28 (precise)} 0-1

[Event "AUT Bundesliga 2022-23"]
[Site "Jenbach"]
[Date "2022.11.05"]
[Round "3.11"]
[White "Singer, Christoph"]
[Black "Brunello, Marina"]
[Result "0-1"]
[ECO "D04"]
[WhiteElo "2309"]
[BlackElo "2343"]
[Annotator "TA"]
[PlyCount "124"]
[EventDate "2022.11.03"]
[EventType "team-tourn"]
[EventCountry "AUT"]
[SourceTitle "playchess.com"]
[Source "ChessBase"]
[SourceQuality "1"]
[TimeControl "40/5400+30:1800+30"]

1. Nf3 d5 2. d4 Nf6 3. e3 Bf5 4. Bd3 Bxd3 5. Qxd3 c6 6. Nbd2 {[%emt 0:01:31] D04: Colle System.} g6 7. O-O Bg7 8. e4 {[%emt 0:04:09] The position is equal.} dxe4 9. Nxe4 Nbd7 10. Re1 O-O 11. Bg5 {[%emt 0:10:46] [#]} h6 $146 {[%emt 0:05:37] And now ...Nxe4 would win.} ({Predecessor:} 11... Re8 12. Rad1 Qb6 13. b3 a5 14. c4 a4 15. h4 axb3 16. axb3 Nxe4 17. Rxe4 Nf6 {½-½ (36) Fomina,T (2220)-Saunina,L (2290) Arvier 2006}) 12. Nxf6+ Nxf6 13. Bf4 Nd5 14. Be5 Qd7 15. c4 Nf6 16. Rad1 Rad8 17. h3 h5 18. Qe3 Rfe8 19. b3 a6 20. Qf4 Qc8 21. Bc7 Rd7 22. Bb6 Rd6 23. Bc5 Re6 24. Ne5 Rf8 25. Ba3 Ne8 (25... Qb8 $142) 26. d5 $1 $36 {[%emt 0:03:58][%mdl 2048] White is on the roll.} cxd5 (26... Rf6 $16 27. Qc1 Nd6 28. dxc6 Re6) 27. cxd5 $18 Rf6 28. Qd2 (28. Qa4 $1 $18) 28... Nd6 $16 29. Nc4 Qd7 {[%emt 0:05:24] [#]} 30. Qe2 (30. Re2 $1 $16) 30... Qf5 $2 (30... Nxc4 $14 31. Qxc4 (31. bxc4 Re8 $14) 31... Re8) 31. Bb2 Rd8 32. Bxf6 Bxf6 33. Nxd6 Rxd6 34. Qd3 Qd7 35. Qf3 h4 36. Qg4 Qb5 37. Qc4 Qb6 38. Rd3 Kg7 39. Rc1 Qa5 40. a4 Bb2 41. Rcd1 Bf6 42. Rc1 Bb2 43. Rcd1 Bf6 $1 44. Qc2 Be5 45. Qd2 Qd8 (45... Qxd2 $142 46. R1xd2 (46. R3xd2 Rd8 $16) 46... g5) 46. Qb4 $18 g5 47. Qe4 ({Not} 47. Qxb7 $2 Rb6 48. Qc6 (48. Qa7 $2 Bb8 $19) 48... Rxc6 49. dxc6 Qa5 $19) 47... Bf6 (47... f6 $142 48. Re3 Qc8) 48. g3 hxg3 49. fxg3 Rb6 50. Rc1 Qd6 51. Kg2 Qa3 52. Qc4 Rb4 53. Qc2 Re4 54. Kf3 Re5 55. Rcd1 Qd6 56. Qc4 Qb6 57. b4 $2 (57. Qg4 $18) 57... Rf5+ $1 $11 {[%emt 0:00:36][%mdl 1024] Black has compensation.} 58. Kg4 $1 {[%emt 0:00:01] Black must now prevent Qc5.} Qf2 {[%emt 0:01:16][%cal Ob7b5] Threatens to win with ...b5!} 59. Qe4 $2 {[%emt 0:01:20][%mdl 8192] [#]} (59. a5 $11) 59... Re5 $1 $19 60. Qf3 Qb2 $2 (60... Qc2 $19 {( -> ...Qc8+)} 61. Qf1 Qc8+ 62. Kf3 Rf5+ 63. Ke2 Rxf1 64. Rxf1 Qxh3) 61. Rb3 $2 (61. d6 $11 Qc2 62. h4 (62. d7 $2 Qc4+ $19) 62... exd6 63. Rxd6 (63. Kh3 Re2 $11) 63... Re4+ 64. Kh5 Rxh4+ 65. gxh4 Qh7+ 66. Kg4 Qxh4+ 67. Kf5 Qh7+ 68. Kg4 Qh4+ 69. Kf5 Qh7+ 70. Kg4 Qh4+) 61... Qc2 62. d6 Qc4+ {[%emt 0:01:51] Weighted Error Value: White=0.50/Black=0.21 (precise)} 0-1

[Event "AUT Bundesliga 2022-23"]
[Site "Jenbach"]
[Date "2022.11.05"]
[Round "3.12"]
[White "Kruckenhauser, Arthur"]
[Black "Salvenmoser, Stefan"]
[Result "1-0"]
[ECO "B50"]
[WhiteElo "2327"]
[BlackElo "2295"]
[Annotator "TA"]
[PlyCount "47"]
[EventDate "2022.11.03"]
[EventType "team-tourn"]
[EventCountry "AUT"]
[SourceTitle "playchess.com"]
[Source "ChessBase"]
[SourceQuality "1"]
[TimeControl "40/5400+30:1800+30"]

1. e4 c5 2. Nf3 d6 3. Nc3 Nf6 4. d4 cxd4 5. Qxd4 Nc6 6. Qd3 {[%emt 0:00:04] B53: Sicilian: 2...d6: Lines with Qxd4.} g6 7. Nd5 $1 {[%emt 0:02:47][%mdl 4] outshines the older 7.Be2.} Bg7 8. c3 {[%emt 0:00:04] The position is equal.} O-O 9. Bg5 {[%emt 0:00:04] [#]} Re8 $146 ({Predecessor:} 9... Nxd5 10. exd5 Ne5 11. Nxe5 Bxe5 12. Qd2 Bd7 13. a4 Rc8 14. Be2 Re8 15. Be3 e6 16. dxe6 Rxe6 {1-0 (29) Xiong,J (2690)-Dominguez Perez,L (2754) Saint Louis 2022}) 10. Be2 Rb8 11. a4 a6 12. O-O Nxd5 13. exd5 Ne5 14. Nxe5 Bxe5 15. a5 Qd7 16. Bd1 {[%emt 0:03:47] [#] Ba4 is the strong threat. White is more active.} Qc7 17. Re1 (17. Be3 $14) 17... Bd7 18. Kh1 (18. Be3 $14) 18... Bg7 (18... b6 $15) 19. Be3 $11 ({Not} 19. Bxe7 $2 Bf5 20. Qe3 Bf8 $19) ({Wrong is} 19. Rxe7 $2 Rxe7 20. Bxe7 Re8 $19) 19... Rbc8 20. Bb6 Qc4 21. Qd2 e6 {[%emt 0:02:13] [#]} ({Black should try} 21... Be5 $14) 22. Bf3 $1 $16 e5 $2 (22... Qb5 $16) 23. Re4 $18 Qb3 24. Rb4 {[%emt 0:00:10] Weighted Error Value: White=0.15 (very precise) /Black=0.48} 1-0

[Event "AUT Bundesliga 2022-23"]
[Site "Jenbach"]
[Date "2022.11.05"]
[Round "3.13"]
[White "Georgiadis, Nico"]
[Black "Dragnev, Valentin"]
[Result "0-1"]
[ECO "B11"]
[WhiteElo "2577"]
[BlackElo "2544"]
[Annotator "ChessBase"]
[PlyCount "86"]
[EventDate "2022.11.03"]
[EventType "team-tourn"]
[EventCountry "AUT"]
[SourceTitle "playchess.com"]
[Source "ChessBase"]
[SourceQuality "1"]
[TimeControl "40/5400+30:1800+30"]

1. e4 c6 2. Nf3 d5 3. Nc3 Bg4 4. h3 Bxf3 5. Qxf3 e6 6. d3 Nd7 7. Be2 Bd6 8. d4 Ne7 9. O-O O-O 10. Bd3 Qb6 11. exd5 cxd5 12. Ne2 e5 13. dxe5 Nxe5 14. Qg3 Nc4 15. Qh4 Ng6 16. Qh5 Be5 17. c3 Rfe8 18. b3 Nd6 19. Be3 Qa5 20. b4 Qa3 21. Rac1 Ne4 22. Rfd1 Rad8 23. Qf3 h6 24. Rc2 Qa4 25. Nd4 a6 26. g3 Bf6 27. Re1 Nxc3 28. Bxg6 fxg6 29. Rxc3 Bxd4 30. Rc7 Qxb4 31. Rd1 Be5 32. Qf7+ Kh7 33. Rxb7 Qe4 34. Re7 Rxe7 35. Qxe7 Rb8 36. Qe6 d4 37. Bd2 Qe2 38. Re1 Qxd2 39. Qxe5 Rb2 40. Rf1 Rxa2 41. h4 Ra5 42. Qe6 d3 43. Qb6 Qc3 0-1

[Event "AUT Bundesliga 2022-23"]
[Site "Jenbach"]
[Date "2022.11.05"]
[Round "3.14"]
[White "Banusz, Tamas"]
[Black "Koelle, Tobias"]
[Result "1-0"]
[ECO "D02"]
[WhiteElo "2622"]
[BlackElo "2439"]
[Annotator "ChessBase"]
[PlyCount "71"]
[EventDate "2022.11.03"]
[EventType "team-tourn"]
[EventCountry "AUT"]
[SourceTitle "playchess.com"]
[Source "ChessBase"]
[SourceQuality "1"]
[TimeControl "40/5400+30:1800+30"]

1. Nf3 d5 2. d4 Nf6 3. c4 e6 4. g3 Bb4+ 5. Bd2 Be7 6. Bg2 c6 7. Qc2 Nbd7 8. Bf4 O-O 9. O-O b6 10. Nbd2 Ba6 11. Rac1 Nh5 12. Be3 Nhf6 13. Bg5 Rc8 14. Rfd1 c5 15. Qa4 Bb7 16. Ne5 Nxe5 17. dxe5 Nd7 18. Bxe7 Qxe7 19. f4 a6 20. cxd5 exd5 21. Nf1 b5 22. Qa3 Nb6 23. Ne3 Nc4 24. Nxc4 dxc4 25. Bxb7 Qxb7 26. Rd6 a5 27. Qe3 Rfe8 28. Rcd1 b4 29. Rd7 Qb6 30. R1d6 Rc6 31. e6 f6 32. Rxg7+ Kxg7 33. Rd7+ Kg6 34. f5+ Kxf5 35. Qf3+ Ke5 36. Qd5# 1-0

[Event "AUT Bundesliga 2022-23"]
[Site "Jenbach"]
[Date "2022.11.05"]
[Round "3.15"]
[White "Krassowizkij, Jaroslaw"]
[Black "Blohberger, Felix"]
[Result "1/2-1/2"]
[ECO "D71"]
[WhiteElo "2439"]
[BlackElo "2493"]
[Annotator "ChessBase"]
[PlyCount "109"]
[EventDate "2022.11.03"]
[EventType "team-tourn"]
[EventCountry "AUT"]
[SourceTitle "playchess.com"]
[Source "ChessBase"]
[SourceQuality "1"]
[TimeControl "40/5400+30:1800+30"]

1. d4 Nf6 2. c4 g6 3. g3 Bg7 4. Bg2 c5 5. Nf3 Qa5+ 6. Qd2 Qxd2+ 7. Nbxd2 Na6 8. Nb3 O-O 9. O-O Ne4 10. Ng5 Nd6 11. Nxc5 Nxc5 12. dxc5 Nxc4 13. Rb1 h6 14. b3 Ne5 15. Nf3 Nc6 16. Bb2 Rb8 17. Rfd1 b6 18. Bxg7 Kxg7 19. Rbc1 Rd8 20. Nd4 Nxd4 21. Rxd4 Ba6 22. Bf3 Bb7 23. cxb6 Bxf3 24. bxa7 Ra8 25. exf3 Rxa7 26. a4 Rb8 27. Rc3 Rab7 28. Rdd3 e6 29. Kf1 d5 30. Ke2 Rb4 31. Kd1 d4 32. Rc4 Rxb3 33. Rxb3 Rxb3 34. Rxd4 Rxf3 35. Rf4 Ra3 36. Kc2 g5 37. Kb2 Rd3 38. Rc4 Rf3 39. a5 Rxf2+ 40. Kb3 Rxh2 41. Rd4 Rh1 42. Kb2 Re1 43. a6 Re5 44. Kb3 Rc5 45. Kb4 Rc8 46. Kb5 e5 47. Ra4 f5 48. a7 Ra8 49. Kc4 f4 50. gxf4 exf4 51. Kd3 Kg6 52. Ke4 Kf7 53. Ra6 Kg7 54. Kf3 h5 55. Ra5 1/2-1/2

[Event "AUT Bundesliga 2022-23"]
[Site "Jenbach"]
[Date "2022.11.05"]
[Round "3.16"]
[White "Peyrer, Konstantin"]
[Black "Richter, Nils"]
[Result "0-1"]
[ECO "A45"]
[WhiteElo "2402"]
[BlackElo "2395"]
[Annotator "TA"]
[PlyCount "56"]
[EventDate "2022.11.03"]
[EventType "team-tourn"]
[EventCountry "AUT"]
[SourceTitle "playchess.com"]
[Source "ChessBase"]
[SourceQuality "1"]
[TimeControl "40/5400+30:1800+30"]

1. d4 Nf6 2. Bf4 d5 3. e3 c5 4. c3 Nc6 5. Nd2 cxd4 6. exd4 {[%emt 0:00:28] D00: 1 d4 d5: Unusual lines.} Bf5 7. Ngf3 e6 8. Qb3 {[%emt 0:00:15] The position is equal.} Bd6 $1 {[%emt 0:03:43][%mdl 4] outshines the older 8...Qc8.} 9. Qxb7 Bxf4 10. Qxc6+ Kf8 11. g3 Bd6 12. Nh4 Rb8 13. Nxf5 exf5 14. Rb1 {[%emt 0:00:35] [#]} Qe7+ $146 {[%emt 0:15:21][%mdl 1024] Black has compensation.} (14... Rb6 $5 15. Qa4 $8 Qe7+ 16. Be2 h5 $11) ({Predecessor:} 14... Rb6 15. Qa4 Qe7+ 16. Be2 h5 17. Nf3 h4 18. gxh4 Rxh4 19. Qc2 Rf4 20. Qd3 Ne4 {0-1 (28) Palchun,G (2441)-Kobalia,M (2596) St Petersburg 2017}) 15. Be2 ({White should play} 15. Kd1 $1 $11) 15... g6 $15 16. Qa6 Kg7 17. Qd3 (17. O-O $6 f4 $14) 17... h5 18. Nf3 Ne4 {[%emt 0:01:28][%cal Oh5h4] Black is much more active. The white rooks are badly placed.} 19. Ne5 (19. Nh4 $17 {is a better defense.}) 19... h4 $19 (19... Bxe5 20. dxe5 Qxe5 21. O-O $17) 20. O-O $2 (20. Nc6 Qe8 21. Nxb8 hxg3 22. fxg3 Bxg3+ 23. Kf1 Qxb8) (20. g4 Bxe5 21. dxe5) 20... hxg3 21. hxg3 Rh3 (21... Bxe5 $2 22. dxe5 Qxe5 23. Qe3 $19) 22. Bf3 (22. Nc6 Qg5 23. Ne5 Rbh8 24. Qf3 Qh6) 22... Rbh8 {[%emt 0:01:37] ...Qg5 is the strong threat.} ({Inferior is} 22... Bxe5 23. dxe5 Qc5 24. Qd4 Qxd4 25. cxd4 $17) 23. Bg2 R3h5 {[%emt 0:01:10] And now ...f4 would win.} 24. Rfe1 {[%emt 0:20:06] [#]} f4 $1 ({Worse is} 24... Bxe5 25. dxe5 f4 26. Qxd5 Nxf2 27. Qd6 (27. Kxf2 $2 fxg3+ 28. Kg1 Qh4 $19) 27... Qxd6 28. exd6 fxg3 29. Re2 $11) 25. gxf4 {[%emt 0:06:33] [#]} Qh4 $2 {[%emt 0:03:25] Chess con chili.} (25... Rh2 $1 $19 {( -> ...Qh4)} 26. Bxe4 dxe4) 26. Bxe4 $4 (26. Rxe4 $15 dxe4 27. Qxe4) 26... dxe4 27. Qxe4 Bxe5 28. dxe5 Qg4+ {[%emt 0:00:14] Weighted Error Value: White=0.67/Black=0.19 (very precise)} 0-1

[Event "AUT Bundesliga 2022-23"]
[Site "Jenbach"]
[Date "2022.11.05"]
[Round "3.17"]
[White "Deuer, Marius"]
[Black "Steindl, Johannes"]
[Result "1/2-1/2"]
[ECO "D11"]
[WhiteElo "2326"]
[BlackElo "2315"]
[Annotator "TA"]
[PlyCount "112"]
[EventDate "2022.11.03"]
[EventType "team-tourn"]
[EventCountry "AUT"]
[SourceTitle "playchess.com"]
[Source "ChessBase"]
[SourceQuality "1"]
[TimeControl "40/5400+30:1800+30"]

1. d4 d5 2. c4 c6 3. Nf3 Nf6 4. Qc2 dxc4 5. Qxc4 Bf5 6. g3 e6 7. Bg2 Be7 {[%emt 0:00:03] is cutting edge theory.} 8. O-O {[%emt 0:00:23] D23: Queen's Gambit Accepted: 3 Nf3 Nf6 sidelines.} O-O 9. e3 Nbd7 10. Rd1 Rc8 11. Qe2 Bg6 12. Nc3 b5 13. b3 Qa5 14. Bb2 b4 {[%emt 0:00:40] [#]} 15. Nb1 $146 ({Predecessor:} 15. Na4 Rc7 16. h3 Qb5 17. Qe1 Be4 18. Rac1 Qb7 19. Nc5 Nxc5 20. dxc5 a5 21. Nd2 Bxg2 22. Kxg2 {1-0 (44) David,A (2520)-Lamard,G (2486) Chartres 2020}) 15... Qb5 16. Qe1 a5 17. Nbd2 Ne4 18. Nxe4 Bxe4 19. Bf1 Qb8 20. Nd2 Bg6 21. Nc4 a4 22. bxa4 Bc2 23. Rdc1 Bxa4 24. a3 b3 25. Qa5 Qa8 $1 26. Rab1 Qxa5 27. Nxa5 c5 28. Bc4 cxd4 29. exd4 Nb6 30. Bxb3 Bxb3 31. Nxb3 Na4 32. Nc5 Nxb2 33. Rxb2 Rfd8 34. a4 Rxd4 {[%emt 0:13:55] [#] Strongly threatening ...Rd5.} 35. Rbc2 Rb4 36. a5 g6 ({Don't take} 36... Rb5 37. Nd7 Rd8 38. Rc8 $16) 37. Nd7 Rxc2 38. Rxc2 $11 {[%emt 0:00:00][%mdl 4096] Endgame KRB-KRN} Ra4 {[%emt 0:00:07] Prevents Ra2.} 39. Rc8+ Kg7 40. Ra8 $1 {[%emt 0:00:00] The position is equal.} Bf6 41. Nxf6 Kxf6 {[%emt 0:01:01] KR-KR} 42. a6 h5 43. Kg2 Kf5 44. h4 Ra3 45. Kf1 e5 46. Ra7 f6 47. Ra8 Ra2 48. a7 e4 49. Ke1 Ra6 50. Ke2 Ra3 51. Ke1 e3 52. f3 {[%emt 0:00:41] [#] And now Ke2 would win.} Ra2 53. Kf1 Rf2+ 54. Ke1 {[%emt 0:00:01] Re8 would kill now.} Ra2 55. Kf1 Rf2+ 56. Ke1 {[%emt 0:00:41] White threatens Rf8 and mate.} Ra2 {[%emt 0:00:04] Weighted Error Value: White=0.04 (flawless) /Black=0.03 (flawless)} 1/2-1/2

[Event "AUT Bundesliga 2022-23"]
[Site "Jenbach"]
[Date "2022.11.05"]
[Round "3.18"]
[White "Huber, Benedikt"]
[Black "Neyman, Igor"]
[Result "1/2-1/2"]
[ECO "B40"]
[WhiteElo "2299"]
[BlackElo "2354"]
[Annotator "TA"]
[PlyCount "99"]
[EventDate "2022.11.03"]
[EventType "team-tourn"]
[EventCountry "AUT"]
[SourceTitle "playchess.com"]
[Source "ChessBase"]
[SourceQuality "1"]
[TimeControl "40/5400+30:1800+30"]

1. e4 c5 2. Nf3 e6 3. b3 Nc6 4. Bb2 d6 5. d4 cxd4 6. Nxd4 e5 {[%emt 0:02:30] B50: Sicilian: 2...d6, Miscellaneous.} 7. Ne2 Nf6 8. Nbc3 Be6 {[%emt 0:10:16] Black has an edge.} (8... Qa5 $5 ) 9. g3 {[%emt 0:22:09] [#]} d5 $146 ({Predecessor:} 9... Qa5 10. Bg2 Rd8 11. a3 b5 12. Qd3 a6 13. O-O Be7 14. Nd5 Bxd5 15. exd5 Nb8 {1-0 (68) Hernandez Leon,S (2060)-Hidalgo Santana,F (2182) Santa Cruz de Tenerife 2017}) 10. exd5 Nxd5 11. Bg2 Nf6 12. O-O Qa5 13. h3 Rd8 14. Qc1 Bd6 15. a3 a6 16. Nd1 Qb6 17. Rb1 O-O 18. Ba1 Nd4 19. Nxd4 exd4 20. c3 (20. Nb2 $11 {keeps the balance.}) 20... Bf5 $17 (20... Bxb3 $2 21. Qb2 $18) 21. cxd4 {[%emt 0:00:24] [#]} Bxb1 (21... Bxa3 $1 $19 {[%mdl 512] is more deadly.} 22. Bb2 (22. Qxa3 Bxb1) 22... Rc8) 22. Qxb1 Bxa3 23. Ne3 {[%emt 0:00:29] Prevents Nd5.} Bb4 (23... Be7 $17 24. Qd3 Rfe8) 24. d5 $15 Nd7 25. Be4 Rfe8 (25... g6 $17) 26. Bxh7+ $11 {[%emt 0:01:17] A strong pair of Bishops.} Kh8 27. Be4 {[%emt 0:02:59][%mdl 1024] White has compensation.} ({Reject} 27. Qb2 Nf6 28. Bb1 Bc5 $17) 27... Bf8 28. Bg2 ({White should play} 28. Kg2 $14) 28... Qg6 29. Qd1 Nc5 30. h4 Ne4 {[%emt 0:00:22][%cal Oe4g3] [#] White must now prevent ...Nxg3!} 31. h5 Qg5 32. f4 (32. Bd4 $11 {and White stays safe.}) 32... Qxg3 $19 33. Rf3 Qh4 {[%emt 0:00:14] Strongly threatening ...Bc5.} 34. h6 Bc5 {[%emt 0:01:33] aiming for ...Bxe3+.} ({Don't take} 34... Qxh6 35. Rh3 Rd6 36. Rxh6+ Rxh6 37. Nf5 $18) 35. Bxg7+ Kh7 {[%emt 0:00:23] Threatens to win with ...Bxe3+.} 36. Bd4 Bxd4 (36... Qxh6 $2 37. Rh3 Qxh3 38. Bxh3 $18) 37. Qxd4 Qf6 {[%emt 0:00:13] Prevents Qg7+.} (37... Qxh6 $2 38. Rh3 Qxh3 39. Bxh3 $18) 38. Qd3 (38. Qxf6 {is a better defense.} Nxf6 39. Rh3) 38... Kh8 (38... Qxh6 $2 39. Rh3 Qxh3 40. Bxh3 $18) (38... Qg6 $19 {...Rc8 is the strong threat.} 39. f5 Qg5) 39. Ng4 (39. Nc4 $17) 39... Qb6+ 40. Re3 (40. Qe3 {was worth a try.} Qxe3+ 41. Rxe3) 40... f5 $2 ({Black should try} 40... Rg8 $19 41. Ne5 Rg3) 41. Bxe4 $11 {[%emt 0:02:31] Chess con chili. The position is equal.} Rxe4 42. Qc3+ $1 Qd4 43. Qxd4+ Rxd4 {[%emt 0:00:13][%mdl 4096] Endgame KRR-KRN} 44. Nf6 {[%emt 0:00:30] Threatening mate with Re7.} Rf8 (44... Rxf4 $2 45. Re7 Rg8+ 46. Nxg8 Rg4+ 47. Kf2 $18) 45. Re6 Rxf4 46. d6 {[%emt 0:01:19] White threatens d7 and mate.} Rd4 47. d7 {[%emt 0:01:08] Re8 would kill now.} Rxf6 48. Rxf6 Rxd7 49. Rxf5 b5 50. Rf6 {[%emt 0:02:05] And White is the lucky defender.  Weighted Error Value: White=0.26 (precise) /Black=0.30} 1/2-1/2

[Event "AUT Bundesliga 2022-23"]
[Site "Jenbach"]
[Date "2022.11.05"]
[Round "3.19"]
[White "Ragger, Markus"]
[Black "Rozentalis, Eduardas"]
[Result "1-0"]
[ECO "C42"]
[WhiteElo "2632"]
[BlackElo "2500"]
[Annotator "ChessBase"]
[PlyCount "101"]
[EventDate "2022.11.03"]
[EventType "team-tourn"]
[EventCountry "AUT"]
[SourceTitle "playchess.com"]
[Source "ChessBase"]
[SourceQuality "1"]
[TimeControl "40/5400+30:1800+30"]

1. e4 e5 2. Nf3 Nf6 3. Nxe5 d6 4. Nf3 Nxe4 5. d4 Be7 6. Bd3 Nf6 7. O-O Nc6 8. h3 O-O 9. a3 h6 10. Re1 a6 11. c4 d5 12. b3 Re8 13. Nc3 Be6 14. Ra2 Bf8 15. Rae2 Qd7 16. Ne5 Nxe5 17. dxe5 d4 18. exf6 dxc3 19. Re3 g6 20. Qc2 Kh7 21. Qxc3 Rad8 22. Be4 c6 23. Qc2 a5 24. Bb2 a4 25. b4 Qd2 26. c5 h5 27. Bc3 Qxc2 28. Bxc2 Rd7 29. Re5 Kg8 30. g4 Red8 31. gxh5 Bf5 32. Bxf5 gxf5 33. Re8 Kh7 34. Kg2 Kh6 35. R1e5 Kxh5 36. Rxf5+ Kg6 37. Ree5 Bh6 38. Rf3 Rd3 39. Bb2 Rxf3 40. Kxf3 Rd3+ 41. Kg4 Rd2 42. Bc1 Rxf2 43. Bxh6 Kxh6 44. Re7 Kg6 45. Rxb7 Ra2 46. Kf4 Kxf6 47. Rb6 Ke7 48. Rxc6 Rxa3 49. Ra6 Rxh3 50. Rxa4 Kd7 51. Ke5 1-0

[Event "AUT Bundesliga 2022-23"]
[Site "Jenbach"]
[Date "2022.11.05"]
[Round "3.20"]
[White "Baenziger, Fabian"]
[Black "Naumann, Alexander"]
[Result "1/2-1/2"]
[ECO "E04"]
[WhiteElo "2439"]
[BlackElo "2513"]
[Annotator "ChessBase"]
[PlyCount "61"]
[EventDate "2022.11.03"]
[EventType "team-tourn"]
[EventCountry "AUT"]
[SourceTitle "playchess.com"]
[Source "ChessBase"]
[SourceQuality "1"]
[TimeControl "40/5400+30:1800+30"]

1. d4 Nf6 2. c4 e6 3. Nf3 d5 4. g3 dxc4 5. Bg2 c5 6. O-O Nc6 7. Qa4 Bd7 8. dxc5 Qa5 9. Qxa5 Nxa5 10. Bd2 Nc6 11. Na3 Bxc5 12. Nxc4 O-O 13. Rfd1 Rfd8 14. Rac1 Be8 15. Nfe5 Nxe5 16. Nxe5 Rac8 17. Nd3 b6 18. Nxc5 Rxc5 19. Bc3 Rdc8 20. e4 Bb5 21. f3 Nd7 22. Bf1 Nf8 23. Rd6 Bxf1 24. Kxf1 R5c7 25. Rcd1 f6 26. Ke2 Kf7 27. f4 Ng6 28. Rd7+ Ke8 29. R7d6 Kf7 30. Rd7+ Ke8 31. R7d6 1/2-1/2